 Dungeon Crawl Stone Soup version 0.17-a0-1635-gd4e48f1 (webtiles) character file.

85560 mrath the Cleaver (level 15, 0/134 HPs)
             Began as a Minotaur Fighter on Aug 3, 2015.
             Was an Elder of Okawaru.
             Killed by the air
             ... invoked by a blizzard demon
             ... summoned by a deep elf demonologist
              (19 damage)
             ... on level 1 of the Elven Halls on Aug 4, 2015.
             The game lasted 05:22:16 (30341 turns).

mrath the Cleaver (Minotaur Fighter)               Turns: 30341, Time: 05:22:16

Health: 0/134      AC: 20    Str: 26 (27) XL:     15   Next: 38%
Magic:  19/19      EV: 18    Int: 11 (12) God:    Okawaru [****..]
Gold:   1944       SH: 15    Dex:  9 (10) Spells: 0 memorised, 14 levels left

rFire  . . .     SeeInvis +     m - +3 broad axe (venom)
rCold  + . .     Clarity  .     l - +0 chain mail of Jaez {+Inv Int+4 Slay+4 SInv}
rNeg   + . .     SustAt   .     c - +2 shield
rPois  .         Gourm    .     U - +0 hat {Int+3}
rElec  .         Spirit   .     N - +2 cloak
rCorr  .         Warding  +     D - +0 pair of gloves
rMut   .         Stasis   .     R - +1 pair of boots {Fly}
MR     +....                    k - amulet of warding
Stlth  ..........               v - +6 ring of evasion
                                i - ring of protection from cold

@: lethally poisoned (0 -> -2), flying, somewhat resistant to hostile
enchantments, extremely unstealthy
A: retaliatory headbutt, horns 2, deterioration 1
a: Heroism, Renounce Religion, Evoke Invisibility, Stop Flying


You were on level 1 of the Elven Halls.
You worshipped Okawaru.
Okawaru was greatly pleased with you.
You were hungry.

You visited 5 branches of the dungeon, and saw 23 of its levels.
You also visited: Volcano.

You collected 3152 gold pieces.
You spent 1208 gold pieces at shops.

Inventory:

Hand weapons
 m - a +3 broad axe of venom (weapon)
 H - a +0 blowgun
 M - a +1 whip of freezing
 O - the +1 war axe of Wounding {holy, rN+}
   (You found it on level 5 of the Lair of Beasts)

   It has been blessed by the Shining One to cause great damage to the undead
   and demons.
   It protects you from negative energy.
Missiles
 a - 14 javelins (quivered)
 b - 2 javelins of penetration
 x - 10 curare-tipped needles
 I - 56 poisoned needles
Armour
 c - a +2 shield (worn)
 l - the +0 chain mail of Jaez (worn) {+Inv Int+4 Slay+4 SInv}
   (Okawaru gifted it to you on level 7 of the Lair of Beasts)

   It affects your intelligence (+4).
   It affects your accuracy and damage with ranged weapons and melee attacks
   (+4).
   It lets you see invisible.
   It lets you turn invisible.
 D - a +0 pair of gloves (worn)
 F - the +1 chain mail "Acis Han" {-Tele rElec rCorr SInv}
   (You found it on level 6 of the Dungeon)

   It insulates you from electricity.
   It lets you see invisible.
   It prevents most forms of teleportation.
   It protects you from acid and corrosion.
 J - the +2 swamp dragon armour "Zotig" {-Tele rPois rF+ MR+ Dex+3 Slay+3}
   (You bought it in a shop on level 4 of the Orcish Mines)

   It affects your dexterity (+3).
   It affects your accuracy and damage with ranged weapons and melee attacks
   (+3).
   It protects you from fire.
   It protects you from poison.
   It affects your resistance to hostile enchantments.
   It prevents most forms of teleportation.
 N - a +2 cloak (worn)
 R - a +1 pair of boots of flying (worn)
 U - a +0 hat of intelligence (worn)
Rods
 t - a -1 rod of clouds (14/14)
   (You found it on level 4 of the Lair of Beasts)
Jewellery
 i - a ring of protection from cold (left hand)
 k - an amulet of warding (around neck)
 u - an uncursed amulet of resist corrosion
 v - a +6 ring of evasion (right hand)
Magical devices
 d - a wand of digging (20)
 e - a wand of random effects (39)
 g - a wand of lightning (9)
 B - a wand of cold (12)
 E - a wand of teleportation (4)
 V - a wand of polymorph (14)
 X - a wand of heal wounds (7)
Scrolls
 f - 9 scrolls of teleportation
 n - a scroll of holy word
 o - 4 scrolls of fear
 p - 5 scrolls of fog
 r - 3 scrolls of blinking
 y - 7 scrolls of remove curse
 L - 3 scrolls of magic mapping
 S - a scroll of identify
Potions
 h - 2 potions of haste
 j - a potion of agility
 q - a potion of might
 w - 2 potions of cure mutation
 C - a potion of lignification
 G - a potion of resistance
 K - 5 potions of curing
 P - 3 potions of heal wounds
 W - a potion of invisibility
Miscellaneous
 s - a stone of tremors
Comestibles
 A - 7 meat rations
 Q - 27 fruits
 Y - a beef jerky


   Skills:
 + Level 12.6 Fighting
 + Level 14.1 Axes
   Level 7.4(9.2) Slings
 + Level 7.7(8.9) Throwing
 + Level 12.6 Armour
 + Level 11.3 Dodging
 + Level 12.4 Shields
 + Level 7.7 Invocations
 + Level 7.1 Evocations


You had 14 spell levels left.
You didn't know any spells.

Dungeon Overview and Level Annotations

Branches:
Dungeon (9/15)             Temple (1/1) D:4            Lair (8/8) D:8
  Swamp (0/4) Lair:3        Snake (0/4) Lair:6        Slime (0/6) Lair:8
    Orc (4/4) D:9             Elf (1/3) Orc:3

Altars:
Ashenzari
Cheibriados
Dithmenos
Elyvilon
Fedhas
Gozag
Kikubaaqudgha
Makhleb
Nemelex Xobeh
Okawaru
Qazlal
Ru
Sif Muna
Trog
Vehumet
Xom
Yredelemnul
Zin
The Shining One
Beogh
Jiyva

Shops:
D:6 }   Orc:4 *%[%*

Annotations:
D:3 MikeDS's ghost, weakling HuSu
Lair:6 exclusion: oklob plant


Innate Abilities, Weirdness & Mutations

You reflexively headbutt those who attack you in melee.
You have a pair of horns on your head.
Your body sometimes deteriorates upon taking damage.


Message History

The blizzard demon waves its arms in wide circles.
The air twists around and violently strikes you in flight!
You feel sick.
You feel sick.
There is an open door here.
You feel sick.
The blizzard demon waves its arms in wide circles.
The air twists around and violently strikes you in flight!
* * * LOW HITPOINT WARNING * * *
You feel sick. The blizzard demon gestures at you. The bolt of cold hits you!
You resist.
* * * LOW HITPOINT WARNING * * *
Your body deteriorates!
You feel clumsy.
You feel sick.
You feel like a meek peon again.
You feel sick.
The blizzard demon waves its arms in wide circles.
The air twists around and violently strikes you in flight!
You die...

#...#...# #.#
##....)##
##..#..## #.#
#.......#
##.'.## #.#
#.......# #####
#.# #.......# ##
#.# ##.....##
###)#####'.....+
#.....##.##+####
##..)..#'##
#>..@...##
#.......#
#.......#
##.....##
##.....#
##2#####'# ##3##
#.# ######4#####
# ##
##..)#)###88#88


You could see a blizzard demon, an ice devil and a rust devil.

Vanquished Creatures
  Gastronok (D:8)
  The ghost of emiel the Carver, a powerful CeWz of Cheibriados (Lair:8)
  A deep elf demonologist (Elf:1)
  The ghost of asdu the Severer, a powerful VSBe of Trog (Lair:4)
  Snorg (Orc:3)
  A fire dragon (Lair:8)
  10 hydras
  Erica (D:8)
  A catoblepas (Lair:7)
  16 death yaks
  Urug (Lair:3)
  Sonja (Lair:4)
  2 deep elf knights (Elf:1)
  5 orc high priests
  A lindwurm (Lair:6)
  Pikel (D:6)
  2 deep elf summoners (Elf:1)
  A hill giant (D:9)
  2 deep elf conjurers (Elf:1)
  A griffon (Lair:4)
  5 orc knights
  A wolf spider (Lair:8)
  5 orc sorcerers
  A hornet (Lair:8)
  9 black mambas
  14 elephants
  Maurice (Orc:2)
  A molten gargoyle (Lair:5)
  Psyche (D:8)
  A gargoyle (Lair:5)
  A guardian serpent (Lair:8)
  10 komodo dragons
  17 spiny frogs
  7 fire drakes
  A deep elf priest (Elf:1)
  A two-headed ogre (D:9)
  6 polar bears
  Prince Ribbit (D:9)
  A troll (Orc:4)
  Edmund (D:6)
  13 blink frogs
  Sigmund (D:6)
  3 wyverns
  14 yaks
  A hippogriff (shapeshifter) (Elf:1)
  Eustachio (D:6)
  5 deep elf magi (Elf:1)
  7 basilisks
  8 deep elf fighters (Elf:1)
  3 wargs
  13 hippogriffs
  2 mottled dragons (Lair:8)
  A steam dragon (Lair:8)
  3 swamp worms (Lair:3)
  4 nagas (Lair:6)
  13 wolves
  3 wasps (Lair:8)
  An ice beast (D:8)
  21 water moccasins
  6 spiders (Lair:8)
  8 porcupines
  A slave (D:6)
  2 phantoms
  2 swamp drakes
  11 ogres
  A centaur (D:8)
  6 black bears (Lair:1)
  26 orc warriors
  2 sky beasts
  20 crocodiles
  7 giant frogs
  Blork the orc (D:5)
  2 scorpions
  8 wights
  The ghost of MikeDS the Caller, a weakling HuSu (D:5)
  3 crimson imps
  6 killer bees (D:8)
  A centaur zombie (D:9)
  2 jellies
  4 hounds
  24 orc wizards
  21 orc priests
  A centaur skeleton (D:9)
  12 worker ants
  14 iguanas
  21 sheep
  2 hound zombies (D:6)
  2 worker ant zombies
  A hound skeleton (D:4)
  4 gnolls (D:5)
  13 adders
  47 river rats
  2 shadow imps (D:8)
  4 oozes
  3 adder skeletons (D:6)
  8 giant geckos
  127 orcs
  9 giant cockroaches
  8 goblins
  14 hobgoblins
  12 jackals
  5 quokkas
  3 ball pythons
  10 bats
  A giant gecko zombie (D:6)
  2 giant newts (D:1)
  10 kobolds
  A quokka zombie (D:6)
  13 rats
  17 fungi
  15 plants
799 creatures vanquished.

Vanquished Creatures (others)
  A slave (D:6)
  A giant frog skeleton (D:6)
  An iguana (D:6)
  An orc (D:9)
  50 fungi
  34 plants
88 creatures vanquished.

Grand Total: 887 creatures vanquished

Notes
Turn   | Place    | Note
--------------------------------------------------------------
     0 | D:1      | mrath the Minotaur Fighter began the quest for the Orb.
     0 | D:1      | Reached XP level 1. HP: 19/19 MP: 0/0
    97 | D:1      | Reached XP level 2. HP: 26/26 MP: 1/1
   804 | D:1      | Reached skill level 4 in Axes
   947 | D:2      | Reached XP level 3. HP: 17/31 MP: 2/2
  1155 | D:2      | Found an ancient bone altar of Kikubaaqudgha.
  1304 | D:2      | Reached skill level 5 in Axes
  1384 | D:2      | Reached XP level 4. HP: 39/39 MP: 3/3
  2030 | D:3      | Noticed MikeDS's ghost (weakling HuSu)
  2099 | D:3      | Found a bloodstained altar of Trog.
  2827 | D:3      | Reached skill level 6 in Axes
  3227 | D:3      | Reached XP level 5. HP: 45/45 MP: 4/4
  3238 | D:4      | Reached skill level 7 in Axes
  3500 | D:4      | Noticed a phantom
  3534 | D:4      | Killed a phantom
  3534 | D:4      | Reached skill level 8 in Axes
  3534 | D:4      | Reached XP level 6. HP: 46/51 MP: 5/5
  3573 | D:4      | Found a staircase to the Ecumenical Temple.
  3605 | Temple   | Entered the Ecumenical Temple
  3804 | Temple   | Became a worshipper of Warmaster Okawaru
  3887 | D:4      | Noticed an ogre
  3900 | D:4      | Killed an ogre
  3900 | D:4      | Reached skill level 1 in Slings
  3900 | D:4      | Reached skill level 1 in Dodging
  4011 | D:4      | You fall through a shaft for 2 floors!
  4011 | D:6      | Noticed Eustachio
  4032 | D:6      | Killed Eustachio
  4032 | D:6      | Reached XP level 7. HP: 58/60 MP: 6/6
  4124 | D:6      | Found Peribbie's Quality Used Wands.
  4170 | D:6      | Noticed Sigmund
  4216 | D:6      | Killed Sigmund
  4216 | D:6      | Acquired Okawaru's first power
  4216 | D:6      | Reached skill level 5 in Fighting
  4216 | D:6      | Reached skill level 5 in Armour
  4216 | D:6      | Reached XP level 8. HP: 59/68 MP: 7/7
  4276 | D:6      | Got a twisted chain mail
  4432 | D:6      | Noticed Pikel
  4465 | D:6      | Killed Pikel
  4465 | D:6      | Reached skill level 9 in Axes
  4465 | D:6      | Reached skill level 5 in Shields
  4479 | D:6      | Noticed Edmund
  4523 | D:6      | Killed Edmund
  4814 | D:6      | Reached XP level 9. HP: 75/75 MP: 8/8
  4891 | D:5      | Entered Level 5 of the Dungeon
  4987 | D:5      | Noticed Blork the orc
  5453 | D:4      | Found a glowing silver altar of Zin.
  5740 | D:5      | Killed MikeDS's ghost
  6061 | D:5      | Found an opulent altar of Gozag.
  6181 | D:5      | Killed Blork the orc
  7453 | D:7      | Found a radiant altar of Vehumet.
  7634 | D:7      | Identified the cursed +1 chain mail "Acis Han" {-Tele rElec rCorr SInv} (You found it on level 6 of the Dungeon)
  7657 | D:8      | Noticed Psyche
  7667 | D:8      | Killed Psyche
  7873 | D:8      | Noticed Gastronok
  7898 | D:8      | Reached skill level 5 in Slings
  7987 | D:8      | Reached skill level 5 in Dodging
  8096 | D:8      | Noticed Erica
  8126 | D:8      | Killed Erica
  8126 | D:8      | Reached skill level 10 in Axes
  8126 | D:8      | Reached XP level 10. HP: 77/86 MP: 7/9
  8168 | D:8      | Noticed a fire drake
  8175 | D:8      | Killed a fire drake
  8176 | D:8      | Found a staircase to the Lair.
  8223 | D:8      | Found a shattered altar of Ashenzari.
  8414 | D:8      | Killed Gastronok
  9246 | Lair:1   | Entered Level 1 of the Lair of Beasts
  9550 | Lair:1   | Acquired Okawaru's second power
  9683 | Lair:1   | Reached skill level 11 in Axes
  9842 | Lair:1   | Reached XP level 11. HP: 95/95 MP: 10/10
 10577 | Lair:1   | Received a gift from Okawaru
 11816 | Lair:2   | Received a gift from Okawaru
 11826 | Lair:2   | Got a dazzling bardiche {god gift}
 11977 | Lair:2   | Reached skill level 1 in Throwing
 11977 | Lair:2   | Reached skill level 1 in Invocations
 12266 | Lair:2   | Reached skill level 1 in Evocations
 12785 | Lair:3   | Noticed Urug
 12820 | Lair:3   | Noticed Sonja
 13432 | Lair:3   | Killed Urug
 13432 | Lair:3   | Reached skill level 10 in Fighting
 13614 | Lair:3   | Reached XP level 12. HP: 106/106 MP: 12/12
 13719 | Lair:3   | Received a gift from Okawaru
 14233 | Lair:3   | Reached skill level 10 in Shields
 14335 | Lair:3   | Found a staircase to the Swamp.
 14359 | Lair:3   | Noticed a five-headed hydra
 14376 | Lair:3   | Killed a five-headed hydra
 14765 | Lair:3   | Received a gift from Okawaru
 15164 | Lair:3   | Upgraded the game from 0.17-a0-1632-g0af21bd to 0.17-a0-1635-gd4e48f1
 15290 | Lair:4   | Reached skill level 10 in Armour
 15358 | Lair:4   | Killed Sonja
 15358 | Lair:4   | Reached skill level 12 in Axes
 15591 | Lair:4   | Got a spiked chain mail
 15615 | Lair:4   | Noticed a four-headed hydra
 15632 | Lair:4   | Killed a four-headed hydra
 15830 | Lair:4   | Noticed a four-headed hydra
 15845 | Lair:4   | Killed a four-headed hydra
 16479 | Lair:4   | Noticed asdu's ghost (powerful VSBe)
 16503 | Lair:4   | Killed asdu's ghost
 16782 | Lair:3   | Noticed a six-headed hydra
 16799 | Lair:3   | Killed a nine-headed hydra
 17015 | Lair:5   | Found a dark tunnel.
 17249 | Lair:5   | Got a scorched war axe
 17259 | Lair:5   | Received a gift from Okawaru
 17557 | Volcano  | Entered a volcano
 17586 | Lair:5   | Reached XP level 13. HP: 31/115 MP: 12/15
 17931 | Lair:5   | Identified the +1 war axe of Wounding {holy, rN+} (You found it on level 5 of the Lair of Beasts)
 17936 | Lair:5   | Identified the +6 chain mail "Jokeimym" {Int+4} (You found it on level 4 of the Lair of Beasts)
 18560 | Lair:6   | Found a staircase to the Snake Pit.
 19142 | Lair:6   | Found a basalt altar of Yredelemnul.
 19374 | Lair:6   | Reached skill level 5 in Throwing
 19621 | Lair:7   | Reached skill level 5 in Invocations
 20677 | Lair:6   | Reached skill level 10 in Dodging
 20781 | Lair:7   | Reached skill level 5 in Evocations
 21155 | Lair:7   | Reached skill level 13 in Axes
 21251 | Lair:8   | Entered Level 8 of the Lair of Beasts
 21274 | Lair:8   | Received a gift from Okawaru
 21371 | Lair:8   | Reached XP level 14. HP: 122/125 MP: 17/17
 21613 | Lair:8   | Received a gift from Okawaru
 22322 | Lair:8   | Noticed emiel's ghost (powerful CeWz)
 22344 | Lair:8   | Killed emiel's ghost
 22344 | Lair:8   | Received a gift from Okawaru
 23135 | Lair:7   | Received a gift from Okawaru
 23143 | Lair:7   | Got a shimmering chain mail {god gift}
 23154 | Lair:7   | Identified the +0 chain mail of Jaez {+Inv Int+4 Slay+4 SInv} (Okawaru gifted it to you on level 7 of the Lair of Beasts)
 23689 | Lair:8   | Found a runed door.
 23715 | Lair:8   | Found a viscous altar of Jiyva.
 23716 | Lair:8   | Found a staircase to the Slime Pits.
 24398 | D:9      | Found a shadowy altar of Dithmenos.
 24567 | D:9      | Noticed Prince Ribbit
 24571 | D:9      | Killed Prince Ribbit
 24901 | D:9      | Found a staircase to the Orcish Mines.
 25020 | Orc:1    | Entered Level 1 of the Orcish Mines
 25249 | Orc:1    | Found a radiant altar of Vehumet.
 25251 | Orc:1    | Identified a -1 rod of clouds (14/14) (You found it on level 4 of the Lair of Beasts)
 25611 | Orc:1    | Found a bloodstained altar of Trog.
 26087 | Orc:2    | Noticed Maurice
 26100 | Orc:2    | Killed Maurice
 26255 | Orc:2    | Found a radiant altar of Vehumet.
 26380 | Orc:3    | Noticed Snorg
 26394 | Orc:3    | Killed Snorg
 27111 | Orc:3    | Found a roughly hewn altar of Beogh.
 27260 | Orc:3    | Found a staircase to the Elven Halls.
 27451 | Orc:4    | Entered Level 4 of the Orcish Mines
 27550 | Orc:4    | Found Ommaypai's Assorted Antiques.
 27553 | Orc:4    | Gained mutation: Your body sometimes deteriorates upon taking damage. [a neqoxec]
 27590 | Orc:4    | Reached XP level 15. HP: 102/134 MP: 19/19
 27740 | Orc:4    | Received a gift from Okawaru
 28139 | Orc:4    | Paralysed by an orc sorcerer for 3 turns
 28178 | Orc:4    | Received a gift from Okawaru
 28383 | Orc:4    | Bought 2 scrolls of identify for 128 gold pieces
 28457 | Orc:4    | Found a deep blue altar of Sif Muna.
 28661 | Orc:4    | Found Lomah's Assorted Antiques.
 28661 | Orc:4    | Found Iheusaske's Food Emporium.
 28663 | Orc:4    | Found Ekkifeim's Food Boutique.
 28663 | Orc:4    | Found Fibig's Armour Boutique.
 28821 | Orc:4    | Bought a scroll of remove curse for 54 gold pieces
 28821 | Orc:4    | Bought a scroll of identify for 36 gold pieces
 28831 | Orc:4    | Bought a pitted swamp dragon armour for 990 gold pieces
 28842 | Orc:4    | Identified the +2 swamp dragon armour "Zotig" {-Tele rPois rF+ MR+ Dex+3 Slay+3} (You bought it in a shop on level 4 of the Orcish Mines)
 29037 | Lair:2   | Noticed a four-headed hydra
 29059 | Lair:2   | Killed a six-headed hydra
 29426 | Elf:1    | Entered Level 1 of the Elven Halls
 29517 | Elf:1    | Reached skill level 14 in Axes
 29812 | Elf:1    | Received a gift from Okawaru
 30127 | Elf:1    | Found a magical portal.
 30289 | Elf:1    | Noticed a Shadow Fiend
 30316 | Elf:1    | Received a gift from Okawaru
 30341 | Elf:1    | Killed from afar by a blizzard demon

Vault maps used:
D:1:      dpeg_arrival_arbitrary_a
D:2:      old_standard_altar, hangedman_decor_clover_reticule,
          kennysheep_generic_room_16
D:3:      kennysheep_six_static_rooms, lemuel_coloured_pillars_altar,
          serial_corexii_hall, corexii_hall_statues_u, corexii_hall_statues_x,
          minivault_19
D:4:      kennysheep_mini, minmay_temple_entry_purple_smoke, first_bread
D:5:      nicolae_gozag_cash_rules_everything_around_me, uniq_blork_the_orc
D:6:      nicolae_for_you_no_charge, uniq_sigmund, uniq_edmund, uniq_pikel,
          uniq_eustachio
D:7:      old_standard_altar
D:8:      minmay_lair_entry_lava, ashenzari_altar_1, uniq_gastronok, uniq_erica,
          uniq_psyche
D:9:      nicolae_dithmenos_through_a_glass_darkly, erik_orc_1,
          uniq_prince_ribbit1
Temple:   minmay_temple_curvy_14
Lair:1:   beast_lair_carwin_large_3, grunt_megastairs_4, lemuel_fruit_tree,
          serial_bayou_shore_b
Lair:2:   small_statue_intersection, nicolae_lair_grove_arrangements,
          serial_bayou_pond_b, serial_bayou_pond_a, beast_lair_carwin_1
Lair:3:   nicolae_swamp_entry_splash_gauntlet, grunt_forest_large_clearings,
          uniq_urug, uniq_sonja
Lair:4:   serial_bayou_shore_b
Lair:5:   enter_volcano_1, lemuel_fruit_fields
Lair:6:   minmay_snake_entry_guardpost_small, basic_altar,
          small_statue_intersection, minmay_lair_oklob_bushes
Lair:8:   hangedman_lair_tendril_chambers, guppyfry_lair_end_dragon,
          slime_altar_2, minivault_24, minmay_lair_drake_nest
Orc:1:    basic_altar, bloody_trog
Orc:2:    basic_altar, uniq_maurice
Orc:3:    nicolae_orc_pool_cavern, bh_open_orc_temple, uniq_snorg
Orc:4:    st_orc_elflike, serial_shops, nicolae_shop_overgrown_old_shop,
          led_sif_book
Elf:1:    eino_elf_arrival_customs, serial_shops, nicolae_shop_trees,
          infiniplex_enter_wizlab_spiral, orc_legates
Volcano:  volcano_aerie

Action                   |  1- 3 |  4- 6 |  7- 9 | 10-12 | 13-15 || total
-------------------------+-------+-------+-------+-------+-------++-------
Melee: War axe           |    97 |   131 |   254 |   427 |     8 ||   917
       Broad axe         |       |       |       |    94 |  1031 ||  1125
       Whip              |       |       |       |    33 |    44 ||    77
 Fire: Hunting sling     |     3 |    28 |    10 |    17 |       ||    58
       Blowgun           |       |     2 |    30 |   198 |    90 ||   320
Throw: Stone             |     5 |     2 |    16 |       |       ||    23
       Tomahawk          |       |       |    10 |    36 |       ||    46
       Javelin           |       |       |       |     1 |    83 ||    84
Invok: Heroism           |       |       |     2 |    10 |    20 ||    32
       Finesse           |       |       |       |     2 |     4 ||     6
  Use: Scroll            |       |     9 |     8 |    16 |    11 ||    44
       Potion            |       |     1 |     1 |     4 |       ||     6
  Eat: Chunk             |     2 |     3 |     5 |    12 |    24 ||    46
       Bread ration      |       |     1 |     1 |     3 |       ||     5
       Beef jerky        |       |     1 |     1 |     2 |     4 ||     8
       Royal jelly       |       |       |     1 |       |     1 ||     2
       Pizza             |       |       |       |     1 |     1 ||     2
       Fruit             |       |       |       |     1 |     4 ||     5
       Meat ration       |       |       |       |       |     1 ||     1
